 Dungeon Crawl Stone Soup version 0.17.2-1-ge4368a0 (webtiles) character file.

56 Goblin1989 the Insei (level 3, -5/26 HPs)
             Began as a Demonspawn Transmuter on Sept 19, 2016.
             Slain by a gnoll
             ... wielding a +0 long sword
              (17 damage)
             ... on level 2 of the Dungeon.
             The game lasted 00:07:12 (2157 turns).

Goblin1989 the Insei (Demonspawn Transmuter)        Turns: 2157, Time: 00:07:12

Health: -5/26      AC:  3    Str: 11    XL:     3   Next: 69%
Magic:  5/6        EV: 12    Int: 14    God:
Gold:   21         SH:  0    Dex: 13    Spells: 1 memorised, 5 levels left

rFire  . . .     SeeInvis .       - Unarmed
rCold  . . .     Clarity  .     b - +0 robe
rNeg   . . .     SustAt   .     (no shield)
rPois  .         Gourm    .     (no helmet)
rElec  .         Spirit   .     (no cloak)
rCorr  .         Warding  .     i - +0 pair of gloves
rMut   .         Stasis   .     (boots currently unavailable)
MR     .....                    (no amulet)
Stlth  +.........               (no ring)
                                (no ring)

@: appendage, not resistant to hostile enchantments, very unstealthy
A: talons 3, demonic guardian 1
a: End Transformation


You were on level 2 of the Dungeon.
You were not hungry.
You had grown temporary talons.
You visited 1 branch of the dungeon, and saw 2 of its levels.

You collected 21 gold pieces.

Inventory:

Missiles
 a - 12 arrows
Armour
 b - a +0 robe (worn)
 i - a +0 pair of gloves (worn)
Scrolls
 f - a scroll of remove curse {unknown}
 l - a scroll of fog {unknown}
 n - a scroll of identify {unknown}
Potions
 e - a potion of heal wounds
 g - 2 potions of curing {unknown}
 h - a potion of cancellation {unknown}
 k - a potion of brilliance {unknown}
Books
 c - a book of Changes

   Spells                             Type                      Level
   a - Beastly Appendage              Transmutation                1
   b - Sticks to Snakes               Transmutation                2
   c - Spider Form                    Transmutation/Poison         3
   d - Ice Form                       Ice/Transmutation            4
   e - Blade Hands                    Transmutation                5
Comestibles
 d - a bread ration
 j - 6 fruits
 m - a meat ration
 o - 3 chunks of flesh


   Skills:
 - Level 1.0 Fighting
 - Level 1.7 Dodging
 + Level 4.2 Unarmed Combat
 - Level 2.0 Spellcasting
 - Level 1.7 Transmutations


You had 5 spell levels left.
You knew the following spells:

 Your Spells              Type           Power        Failure   Level  Hunger
a - Beastly Appendage     Trmt           #.....       14%         1    ##.....


Dungeon Overview and Level Annotations

Branches:
Dungeon (2/15)

Altars:


Innate Abilities, Weirdness & Mutations

A weak demonic guardian rushes to your aid.
You have claws for feet.


Message History

You are too injured to fight recklessly!
You are too injured to fight recklessly!
You are too injured to fight recklessly!
You are too injured to fight recklessly!
You take 8 damage, and have 12/26 hp.
MASSIVE DAMAGE!!
Unknown command.
Sorry, you're not good enough to have a special ability.
Unknown command.
Casting: Beastly Appendage
Confirm with . or Enter, or press ? or * to list all spells.
Your feet morph into talons.
Your quasit disappears in a puff of smoke!
The gnoll closely misses you.
You now have 5/6 mp.
You hit the gnoll. You claw the gnoll.
The gnoll is moderately wounded.
The gnoll hits you with a long sword!
Ouch! That really hurt!
You die...

#...)gg .# #....>.###.5
.. ..########g) .###..#
#.....# .#
##...g....?..###.#
...######### #.......###
#..# ...........#
#gg...............
..#.......<###.g..#
##.......
.............)@g..#
##.#....
...........#........#
#..#.#..
..#...............>.(....
....< .
#........#.###..####..
...... #........#.# #.#
#...... #..........# .#
######.##.## # #.#...


You could see 3 gnolls, a hobgoblin and a goblin.

Vanquished Creatures
  An adder (D:2)
  2 oozes (D:2)
  2 giant geckos
  2 ball pythons (D:1)
  5 goblins (D:1)
  8 hobgoblins
  2 jackals (D:2)
  3 bats
  3 kobolds (D:1)
  3 rats (D:1)
31 creatures vanquished.

Vanquished Creatures (collateral kills)
  A gnoll (D:2)
1 creature vanquished.

Grand Total: 32 creatures vanquished

Notes
Turn   | Place    | Note
--------------------------------------------------------------
     0 | D:1      | Goblin1989 the Demonspawn Transmuter began the quest for the Orb.
     0 | D:1      | Reached XP level 1. HP: 15/15 MP: 3/3
    96 | D:1      | Reached skill level 3 in Unarmed Combat
   241 | D:1      | Gained mutation: A weak demonic guardian rushes to your aid. [demonic ancestry]
   241 | D:1      | Reached XP level 2. HP: 7/21 MP: 3/5
  1789 | D:2      | Reached XP level 3. HP: 17/26 MP: 6/6
  1798 | D:2      | Reached skill level 4 in Unarmed Combat
  2157 | D:2      | Slain by a gnoll

Action                   || total
-------------------------++-------
Melee: Unarmed           ||   134
 Cast: Beastly Appendage ||    19
 Stab: Sleeping          ||     1
       Distracted        ||     1
  Eat: Chunk             ||     4
